AoeStats
← Bear&Jerry's

QS Arena

503139363Analyzed
4v4 RM · 1mo ago on Aug 30, 2026· 44m 56s· 8 players
Game mode
Random Map
Map size
Large (8 player)
Population
200
Speed
Normal
Resources
Standard
Victory
Conquest
Starting age
Dark Age
Ending age
Imperial Age
RankedLock teamsTeams togetherTeam positionsShared explorationLock speedFull tech treeHidden civsTurbo modeCheats
Victory
Defeat
🇦🇺 Turks · Australia
1014
+18
🇧🇷 Britons · Brazil
1001
+19
🇨🇳 Hindustanis · China
999
+19
🇫🇷 Goths · France
972
+20
🇬🇧 Bengalis · United Kingdom
1072
-19
🇲🇽 Poles · Mexico
1069
-19
🇩🇪 Slavs · Germany
1058
-19
🇳🇴 Huns · Norway
1039
-18
KEVINWEN
7:34 Feudal Age
13:07 Castle Age
11:46 Double-Bit Axe
11:43 Horse Collar
12:17 Stone Mining
14:09 Bow Saw
14:57 Heavy Plow
17:46 Wheelbarrow
20:40 Gold Mining
21:05 Grand Trunk Road
25:29 Imperial Age
23:55 Loom
24:39 Husbandry
24:53 Bloodlines
27:10 Hand Cart
28:42 Chemistry
28:45 Ballistics
30:03 Heavy Camel Rider
31:11 Fortified Wall
31:17 Scale Barding Armor
31:23 Forging
32:34 Chain Barding Armor
33:37 Two-Man Saw
33:47 Iron Casting
34:34 Plate Barding Armor
34:38 Imperial Camel Rider
36:42 Blast Furnace
36:21 Conscription
35:45 Light Cavalry
37:09 Masonry
43:34 Caravan
44:28 Onager
aigle mortel
9:11 Feudal Age
10:33 Double-Bit Axe
13:14 Castle Age
11:14 Horse Collar
14:56 Bow Saw
15:11 Heavy Plow
16:33 Loom
20:03 Wheelbarrow
28:23 Imperial Age
26:10 Hand Cart
26:36 Caravan
26:48 Squires
26:59 Forging
26:50 Scale Mail Armor
29:03 Chain Mail Armor
29:24 Iron Casting
30:42 Two-Man Saw
30:13 Crop Rotation
29:22 Elite Huskarl
30:06 Anarchy
29:27 Elite Huskarl
30:09 Perfusion
30:26 Gold Mining
30:30 Stone Mining
32:23 Blast Furnace
33:12 Pikeman
37:44 Guilds
37:32 Halberdier
38:52 Fervor
39:11 Illumination
39:31 Theocracy
Angusjack
11:36 Feudal Age
14:14 Double-Bit Axe
14:26 Gold Mining
16:41 Castle Age
19:22 Loom
22:12 Imperial Age
20:01 Padded Archer Armor
20:01 Horse Collar
23:04 Wheelbarrow
24:42 Leather Archer Armor
30:01 Ring Archer Armor
38:10 Hand Cart
39:20 Forging
39:17 Scale Barding Armor
39:03 Fletching
39:27 Squires
39:39 Bow Saw
39:16 Town Watch
43:33 Conscription
43:14 Artillery
43:58 Gold Shaft Mining
xr0015
8:13 Feudal Age
8:38 Loom
8:44 Loom
9:17 Horse Collar
9:23 Double-Bit Axe
13:57 Gold Mining
14:00 Stone Mining
17:05 Castle Age
26:54 Imperial Age
26:11 Ballistics
25:31 Pikeman
26:13 Scale Mail Armor
27:07 Town Watch
27:58 Wheelbarrow
28:39 Fletching
29:32 Halberdier
30:37 Bodkin Arrow
31:22 Gambesons
31:40 Bracer
32:46 Padded Archer Armor
33:05 Chain Mail Armor
34:31 Bow Saw
34:22 Heavy Plow
34:56 Plate Mail Armor
37:34 Chemistry
36:47 Forging
36:53 Leather Archer Armor
38:03 Murder Holes
38:37 Capped Ram
40:17 Iron Casting
40:12 Ring Archer Armor
39:17 Elite Skirmisher
40:07 Scale Barding Armor
42:20 Blast Furnace
41:42 Yeomen
Tlacaelel.MX
7:41 Feudal Age
9:26 Loom
12:05 Castle Age
10:40 Double-Bit Axe
11:51 Stone Mining
12:53 Horse Collar
14:05 Bow Saw
18:42 Heavy Plow
19:38 Wheelbarrow
24:18 Imperial Age
22:33 Gold Mining
24:06 Hand Cart
25:18 Forging
27:33 Squires
27:36 Scale Mail Armor
27:43 Fletching
28:28 Iron Casting
27:55 Elite Skirmisher
28:39 Padded Archer Armor
31:07 Bodkin Arrow
31:28 Leather Archer Armor
32:22 Chemistry
31:45 Chain Mail Armor
32:22 Bracer
33:42 Stone Shaft Mining
33:37 Town Watch
40:04 Crop Rotation
40:12 Bloodlines
39:23 Light Cavalry
40:04 Husbandry
41:39 Caravan
42:36 Scale Barding Armor
43:32 Blast Furnace
44:37 Chain Barding Armor
Bear&Jerry's
2:07 Loom
9:59 Feudal Age
11:21 Horse Collar
14:04 Castle Age
13:00 Double-Bit Axe
14:38 Wheelbarrow
15:29 Bow Saw
15:28 Heavy Plow
19:10 Hand Cart
19:11 Stone Mining
21:13 Gold Mining
24:19 Gold Shaft Mining
26:28 Imperial Age
25:09 Scale Barding Armor
25:15 Forging
25:09 Detinets
26:44 Chain Barding Armor
26:50 Ballistics
26:41 Masonry
27:33 Elite Boyar
28:53 Plate Barding Armor
28:54 Iron Casting
29:12 Fletching
30:40 Conscription
30:35 Padded Archer Armor
32:02 Bodkin Arrow
32:40 Leather Archer Armor
32:10 Elite Skirmisher
34:09 Bloodlines
34:00 Husbandry
34:41 Town Watch
37:26 Hoardings
38:07 Blast Furnace
37:38 Ring Archer Armor
37:09 Scale Mail Armor
espen25hansen
8:21 Feudal Age
12:15 Castle Age
10:14 Horse Collar
11:19 Double-Bit Axe
21:40 Wheelbarrow
24:09 Hand Cart
24:25 Bow Saw
24:17 Heavy Plow
24:07 Loom
27:57 Imperial Age
25:50 Forging
25:45 Scale Barding Armor
27:32 Iron Casting
27:41 Chain Barding Armor
28:16 Husbandry
28:28 Bloodlines
28:41 Marauders
29:50 Blast Furnace
28:48 Gold Mining
28:32 Elite Tarkan
29:32 Conscription
31:11 Gold Shaft Mining
31:52 Plate Barding Armor
40:08 Stone Mining
42:33 Two-Man Saw
41:25 Town Watch
43:20 Fletching
44:51 Murder Holes
Only llorar
8:44 Feudal Age
12:22 Castle Age
10:43 Double-Bit Axe
11:33 Horse Collar
13:24 Heavy Plow
13:57 Bow Saw
20:25 Wheelbarrow
21:38 Hand Cart
21:09 Loom
21:10 Town Watch
25:59 Imperial Age
25:02 Fletching
25:12 Padded Archer Armor
25:18 Scale Barding Armor
25:18 Husbandry
25:28 Bloodlines
26:03 Ballistics
27:35 Chain Barding Armor
27:11 Bodkin Arrow
27:31 Leather Archer Armor
26:57 Elite Elephant Archer
28:44 Chemistry
29:20 Conscription
30:15 Siege Elephant
32:11 Mahayana
32:59 Mahayana
34:58 Paiks
35:56 Siege Engineers
Connection lost

Rejoining the realm…

Still unreachable

The connection could not be restored.

Session expired

The server has moved on; the page needs a fresh start.